 Dungeon Crawl Stone Soup version 0.31-a0-698-g4a7cf283bb (webtiles) character file.

Game seed: 8597367880385976849

1324 qw the Skirmisher (level 8, 0/52 HPs)
             Began as a Gargoyle Hunter on Sept 6, 2023.
             Was an Initiate of Okawaru.
             Slain by Duvessa
             ... wielding a +0 rapier
              (2 damage)
             ... on level 5 of the Dungeon on Sept 7, 2023.
             The game lasted 00:46:42 (19613 turns).

qw the Skirmisher (Gargoyle Hunter)                Turns: 19613, Time: 00:46:43

Health: 0/52       AC: 12    Str: 15    XL:     8   Next: 60%
Magic:  8/8        EV: 11    Int: 10    God:    Okawaru [......]
Gold:   278        SH:  0    Dex: 15    Spells: 7/7 levels left

rFire   . . .        d - +0 shortbow (heavy)
rCold   + . .        (shield currently unavailable)
rNeg    + . .        a - +0 ring mail
rPois   inf          (no helmet)
rElec   +            c - +0 cloak
rCorr   .            (no gloves)
SInv    .            (no boots)
Will    .....        (no amulet)
Stlth   +            b - +4 ring of slaying {mikee}
HPRegen 0.28/turn    e - ring of protection from cold
MPRegen 0.11/turn

%: no passive effects
@: no status effects
A: sickness immunity, AC +5, negative energy resistance 1, electricity
resistance, torment resistance 1, petrification resistance
a: Renounce Religion


You were on level 5 of the Dungeon.
You worshipped Okawaru.
Okawaru was noncommittal.
You visited 2 branches of the dungeon, and saw 6 of its levels.
You also visited: Ossuary.

You collected 278 gold pieces.


Innate Abilities, Weirdness & Mutations

You are immune to sickness and miasma.
Your stone body is resilient. (AC +5)
You are immune to poison.
You resist negative energy. (rN+)
You are resistant to electric shocks. (rElec)
You are resistant to unholy torment.
You are immune to petrification.


   Skills:
 - Level 6.3 Fighting
 + Level 9.1 Ranged Weapons
 - Level 2.1 Armour
 - Level 2.0 Dodging
 - Level 1.1 Stealth


You had 7 spell levels left.
You didn't know any spells.
Your spell library was empty.

Inventory:

Hand Weapons
 d - a +0 heavy shortbow (weapon)
Armour
 a - a +0 ring mail (worn)
 c - a +0 cloak (worn)
Jewellery
 b - a +4 ring of slaying (left hand) {mikee}
 e - a ring of protection from cold (right hand)
Scrolls
 g - 3 scrolls of identify
Potions
 i - 4 potions of resistance
 j - 4 potions of curing
 k - a potion of mutation

Dungeon Overview and Level Annotations

Branches:
Dungeon (5/15)             Temple (1/1) D:4         Ossuary (visited)

Altars:
Ashenzari
Cheibriados
Dithmenos
Elyvilon
Fedhas
Gozag
Hepliaklqana
Kikubaaqudgha
Makhleb
Nemelex Xobeh
Okawaru
Qazlal
Ru
Sif Muna
Trog
Uskayaw
Vehumet
Wu Jian
Yredelemnul
Zin
The Shining One

Annotations:
D:3 3 runed translucent doors, qw's ghost, amateur GrHu
D:4 3 runed translucent doors, qw's ghost, weakling GrHs
D:5 Duvessa


Message History

You shoot an arrow. The arrow hits Duvessa.
Duvessa is lightly wounded.
Duvessa barely misses you.
Dowan points at you and mumbles some strange words.
The puff of flame hits you!
Duvessa says, "When magic and the sword combine, nothing stands against them."
Duvessa hits you with a +0 rapier!
You shoot an arrow.
The arrow hits Duvessa but does no damage.
Duvessa is lightly wounded.
Duvessa closely misses you.
Dowan casts a spell.
Dowan blinks!
Duvessa hits you with a +0 rapier.
You shoot an arrow.
The arrow hits Duvessa but does no damage.
Duvessa is lightly wounded.
Duvessa hits you but does no damage. Duvessa hits you with a +0 rapier.
You shoot an arrow. The arrow hits Duvessa.
Duvessa is moderately wounded.
Duvessa hits you with a +0 rapier. x2
You shoot an arrow. The arrow closely misses Duvessa.
Duvessa barely misses you. Duvessa hits you but does no damage.
You shoot an arrow.
The arrow hits Duvessa but does no damage.
Duvessa is moderately wounded.
Duvessa hits you with a +0 rapier. Duvessa hits you with a +0 rapier!
You shoot an arrow. The arrow hits Dowan.
You kill Dowan!
Okawaru accepts your kill.
Duvessa screams in rage.
Duvessa goes berserk!
Duvessa closely misses you. Duvessa barely misses you.
Duvessa hits you with a +0 rapier.
You shoot an arrow. The arrow hits Duvessa!
Duvessa is moderately wounded.
Duvessa barely misses you. Duvessa completely misses you.
You shoot an arrow. The arrow hits Duvessa.
Duvessa is heavily wounded.
Duvessa hits you with a +0 rapier! Duvessa hits you with a +0 rapier.
You die...

############# #... #...
####################...
.#..............#8##.#.8
.$..............#.#...##
................##..####
................##.....#
................##......
..%..%)@........##....##
......e.........#8##.##8
................## #.#.#
...............)####...#
.##+###................#
#.##############.# #.#
#.# #.# #.# .. #.#


You could see Duvessa (berserk, fast).

Vanquished Creatures
  Grinder (D:4)
  Eustachio (D:5)
  Menkaure (D:4)
  A phantom (D:5)
  A scorpion (D:5)
  Dowan (D:5)
  3 hounds (D:4)
  2 jellies
  A gnoll bouda (D:4)
  4 orc priests
  3 orc wizards
  A hound zombie (Ossuary)
  4 mummies (Ossuary)
  8 gnolls
  8 adders
  2 adder zombies (Ossuary)
  2 worms
  3 dart slugs
  13 orcs
  5 endoplasms
  A giant cockroach (D:3)
  A gnoll zombie (Ossuary)
  5 hobgoblins
  7 jackals
  A quokka (D:2)
  4 ball pythons
  8 bats
  A frilled lizard (D:1)
  4 goblins
  2 hobgoblin zombies (Ossuary)
  2 jackal zombies (Ossuary)
  8 kobolds
  2 kobold zombies (Ossuary)
  An orc zombie (Ossuary)
  4 rats
  A rat zombie (Ossuary)
  A spectral goblin (D:3)
118 creatures vanquished.

Vanquished Creatures (others)
  An orc wizard (D:3)
1 creature vanquished.

Grand Total: 119 creatures vanquished

Notes
Turn   | Place    | Note
-------+----------+-------------------------------------------
     0 | D:1      | qw the Gargoyle Hunter began the quest for the Orb.
     0 | D:1      | Reached XP level 1. HP: 12/12 MP: 1/1
     0 | D:1      | 0 ||| qw: Version: 0.3-a-76-g4403597
     0 | D:1      | 0 ||| qw: Game counter: 361
     0 | D:1      | 0 ||| qw: Melee chars always use a shield: true
     0 | D:1      | 0 ||| qw: God list: Okawaru
     0 | D:1      | 0 ||| qw: Allow faded altars: false
     0 | D:1      | 0 ||| qw: Do Orc after clearing Dungeon:15 true
     0 | D:1      | 0 ||| qw: Do second Lair branch before Depths: true
     0 | D:1      | 0 ||| qw: Lair rune preference: random
     0 | D:1      | 0 ||| qw: Goals: Normal
     0 | D:1      | 0 ||| PLANNING D:1-11
    80 | D:1      | Reached XP level 2. HP: 17/17 MP: 2/2
   824 | D:1      | 824 ||| READING scroll labelled CUGRAO OPUSHO.
   829 | D:1      | 829 ||| READING scroll labelled ATIRAAN DIUPN.
   830 | D:1      | 830 ||| READING 2 scrolls labelled UWOASU LITYEPA.
   831 | D:1      | 831 ||| READING scroll labelled NISKED MOIJEXT.
   832 | D:1      | 832 ||| DRINKING 2 glowing black potions.
   833 | D:1      | 833 ||| DRINKING 2 pink potions.
   834 | D:1      | 834 ||| DROPPING scroll of butterflies.
   835 | D:1      | 835 ||| DROPPING potion of magic.
   868 | D:2      | 868 ||| STAIRDANCE
   976 | D:2      | Reached skill level 5 in Ranged Weapons
   976 | D:2      | Reached XP level 3. HP: 21/21 MP: 3/3
  1210 | D:2      | Reached skill level 3 in Fighting
  1434 | D:2      | Reached XP level 4. HP: 28/28 MP: 4/4
  1489 | D:2      | 1489 ||| UPGRADING to +4 ring of slaying {mikee}.
  1490 | D:2      | 1490 ||| READING 3 scrolls labelled OXKUBBE CADI.
  1491 | D:2      | 1491 ||| DRINKING 2 fuming emerald potions.
  1492 | D:2      | 1492 ||| DROPPING 2 scrolls of blinking.
  1495 | D:3      | 1495 ||| PLANNING SEWER
  1537 | D:3      | 1537 ||| Stepping ~*~*~tactically~*~*~ (retreating).
  1547 | D:3      | 1547 ||| FLEEEEING.
  1548 | D:3      | 1548 ||| FLEEEEING.
  1549 | D:3      | 1549 ||| FLEEEEING.
  1550 | D:3      | 1550 ||| FLEEEEING.
  1551 | D:3      | 1551 ||| FLEEEEING.
  1552 | D:3      | 1552 ||| FLEEEEING.
  1553 | D:3      | 1553 ||| FLEEEEING.
  1572 | D:3      | Reached XP level 5. HP: 32/32 MP: 5/5
  1593 | D:3      | Found a faded altar of an unknown god.
  1628 | D:3      | Reached skill level 6 in Ranged Weapons
  1629 | D:3      | Found a bloodstained altar of Trog.
  1738 | D:3      | Found a runed translucent gate.
  1738 | D:3      | Noticed qw's ghost (amateur GrHu)
  1739 | D:3      | Found a runed translucent gate.
  1739 | D:3      | Identified the +1 leather armour of Gebleap {Harm rF-
                  | Will+++ Str-5}
  1740 | D:3      | Found a runed translucent gate.
  2109 | D:3      | 2109 ||| RIP SEWER
  2236 | D:3      | 2236 ||| PLANNING D:1-11
  2249 | D:3      | 2249 ||| UPGRADING to +0 ring mail.
  2259 | D:3      | 2259 ||| DROPPING +0 leather armour.
  2260 | D:3      | 2260 ||| READING 2 scrolls labelled GEIHOFI SUGA.
  2261 | D:3      | 2261 ||| READING scroll labelled DUILEPTA SOUMI.
  2262 | D:3      | 2262 ||| READING scroll labelled LYBLAKH JISA.
  2263 | D:3      | 2263 ||| DROPPING scroll of immolation.
  2284 | D:4      | Reached skill level 1 in Armour
  2340 | D:4      | Reached XP level 6. HP: 13/39 MP: 6/6
  2341 | D:4      | HP: 8/39 [gnoll/+0 spear[a gnoll bouda] (3)]
  2342 | D:4      | 2342 ||| READING scroll of teleportation.
  2473 | D:4      | 2473 ||| UPGRADING to +0 cloak.
 17866 | D:4      | 17866 ||| PLANNING D:1-11
 17914 | D:4      | 17914 ||| PLANNING D:1-11
 17916 | D:4      | Upgraded the game from 0.31-a0-692-gf03d1854d5 to
                  | 0.31-a0-698-g4a7cf283bb
 17916 | D:4      | 17916 ||| PLANNING D:1-11
 18088 | D:4      | Found a sacrificial altar of Ru.
 18162 | D:4      | Found a sparkling altar of Nemelex Xobeh.
 18193 | D:4      | Found a runed translucent gate.
 18195 | D:4      | Found a runed translucent gate.
 18196 | D:4      | Found a runed translucent gate.
 18197 | D:4      | Noticed qw's ghost (weakling GrHs)
 18221 | D:4      | Noticed Menkaure
 18222 | D:4      | 18222 ||| RETREATING.
 18223 | D:4      | 18223 ||| Stepping ~*~*~tactically~*~*~ (outnumbered).
 18229 | D:4      | Killed Menkaure
 18230 | D:4      | Reached skill level 7 in Ranged Weapons
 18230 | D:4      | Reached XP level 7. HP: 31/44 MP: 7/7
 18235 | D:4      | Noticed Grinder
 18245 | D:4      | Paralysed by Grinder for 4 turns
 18253 | D:4      | Killed Grinder
 18254 | D:4      | Reached skill level 8 in Ranged Weapons
 18495 | D:4      | Found a broken altar of Ashenzari.
 18501 | D:4      | Found a basalt altar of Yredelemnul.
 18505 | D:4      | Found an ancient bone altar of Kikubaaqudgha.
 18523 | D:4      | Found a staircase to the Ecumenical Temple.
 18524 | D:4      | 18524 ||| PLANNING TEMPLE
 18524 | D:4      | 18524 ||| UPGRADING to ring of protection from cold.
 18525 | D:4      | 18525 ||| READING scroll labelled UCLAWU JAZA.
 18545 | Temple   | Entered the Ecumenical Temple
 18546 | Temple   | 18546 ||| PLANNING D:1-11
 18873 | D:5      | Entered Level 5 of the Dungeon
 18874 | D:5      | 18874 ||| PLANNING OSSUARY
 18878 | D:5      | 18878 ||| PLANNING OSSUARY
 18980 | D:5      | Reached XP level 8. HP: 49/49 MP: 8/8
 19054 | D:5      | Found a hide-covered altar of Uskayaw.
 19106 | D:5      | Found an iron altar of Okawaru.
 19188 | D:5      | Reached skill level 9 in Ranged Weapons
 19300 | D:5      | Found a sand-covered staircase.
 19301 | D:5      | 19301 ||| READING scroll labelled HUWYGI LETA.
 19302 | D:5      | 19302 ||| READING 2 scrolls of identify.
 19302 | D:5      | 19302 ||| IDENTIFYING inky potion
 19303 | D:5      | 19303 ||| DROPPING potion of brilliance.
 19312 | Ossuary  | Entered an ossuary
 19466 | Ossuary  | 19466 ||| READING 5 scrolls of identify.
 19466 | Ossuary  | 19466 ||| IDENTIFYING orange potion
 19467 | Ossuary  | 19467 ||| READING 4 scrolls of identify.
 19467 | Ossuary  | 19467 ||| IDENTIFYING golden potion
 19468 | Ossuary  | 19468 ||| DROPPING potion of berserk rage.
 19481 | D:5      | 19481 ||| PLANNING OKAWARU WORSHIP
 19520 | D:5      | Became a worshipper of Warmaster Okawaru
 19521 | D:5      | 19521 ||| PLANNING D:1-11
 19573 | D:5      | Noticed Eustachio
 19585 | D:5      | Killed Eustachio
 19586 | D:5      | Reached skill level 6 in Fighting
 19598 | D:5      | Noticed Dowan
 19600 | D:5      | Noticed Duvessa
 19611 | D:5      | Killed Dowan
 19611 | D:5      | HP: 12/52 [Duvessa/+0 rapier (3)]
 19613 | D:5      | HP: 2/52 [Duvessa/+0 rapier (11)]
 19613 | D:5      | Slain by Duvessa

Levels and vault maps discovered:
D:1:      ldierk_walled_garden_2, layout_basic
D:2:      layout_loops_cross, minmay_3d_cube
D:3:      layout_loops_ring, lemuel_crystal_altar, biasface_ghost_orc_armoury,
          dreamdust_ecumenical_altar_drowned_temple, portal_sewer_entry_d
D:4:      layout_loops_ring, minmay_overflow_temple_star_quad,
          nemelex_spade_bored_becter, mainiacjoe_overflow_alcove_2,
          minmay_temple_entry_overgrown, gammafunk_ghost_split,
          kennysheep_generic_room_16, uniq_grinder, uniq_menkaure
D:5:      layout_basic, okawaru_metal_pillars_1_2,
          nicolae_uskayaw_murder_on_the_dancefloor,
          lightli_ossuary_entry_decrepit_ruins, kennysheep_generic_room_14,
          uniq_duvessa, uniq_eustachio
Temple:   nicolae_temple_god_jail

Skill      XL: |  1  2  3  4  5  6  7  8 |
---------------+-------------------------+-----
Ranged Weapons | 5 6 7 8 9 |  9.1
Fighting       | 3 4 5 6 |  6.3
Armour         | 1 2 |  2.1
Dodging        | 2 |  2.0
Stealth        | |  1.1

Action                     |  1- 3 |  4- 6 |  7- 9 || total
---------------------------+-------+-------+-------++-------
   Fire: Shortbow          |   115 |    92 |   142 ||   349
    Use: Scroll            |     4 |     5 |     5 ||    14
         Potion            |     2 |     1 |       ||     3
 Armour: Leather armour    |    35 |    15 |       ||    50
         Ring mail         |       |    21 |   127 ||   148
  Dodge: Dodged            |    29 |    26 |   142 ||   197

Table legend:
 A = Non-vault XP
 B = Vault XP
 C = Vault XP percentage of total XP
 D = Non-vault monster count
 E = Vault monster count
 F = Vault count percentage of total count
                 A         B        C        D         E       F
            +---------+---------+-------+---------+---------+-------
      Total |     971 |     921 |  48.7 |      92 |      27 |  22.7
            +---------+---------+-------+---------+---------+-------
        D:1 |      20 |       0 |   0.0 |      12 |       0 |   0.0
        D:2 |      48 |      17 |  26.2 |      20 |       3 |  13.0
        D:3 |     135 |      14 |   9.4 |      16 |       2 |  11.1
        D:4 |     406 |     434 |  51.7 |      24 |       3 |  11.1
        D:5 |     362 |     342 |  48.6 |      20 |       3 |  13.0
    Ossuary |       0 |     114 | 100.0 |       0 |      16 | 100.0
            +---------+---------+-------+---------+---------+-------
